 Dungeon Crawl Stone Soup version 0.23-a0-344-ge122d05 (webtiles) character file.

84 Garbasso the Insei (level 4, -2/23 HPs)
             Began as a Vine Stalker Transmuter on Oct 19, 2018.
             Killed by divine providence
             ... invoked by an orc priest
              (14 damage)
             ... on level 3 of the Dungeon.
             The game lasted 00:08:31 (2718 turns).

Garbasso the Insei (Vine Stalker Transmuter)        Turns: 2718, Time: 00:08:32

Health: -2/23      AC:  2    Str: 10 (12) XL:     4   Next: 46%
Magic:  0/9        EV: 12    Int: 12 (14) God:
Gold:   121        SH:  0    Dex: 14 (15) Spells: 2/8 levels left

rFire    . . .     SeeInvis .     - Unarmed
rCold    . . .     Gourm    .   (no shield)
rNeg     . . .     Faith    .   b - +0 robe
rPois    .         Spirit   +   (no helmet)
rElec    .         Reflect  .   (no cloak)
rCorr    .         Harm     .   (no gloves)
MR       .....                  (no boots)
Stlth    +.........             (no amulet)
HPRegen  0.47/turn              (no ring)
MPRegen  0.11/turn              (no ring)

@: no status effects
A: fangs 2, regeneration 1, magic shield, antimagic bite, no potion heal 3, rot
immunity
a: no special abilities


You were on level 3 of the Dungeon.
You were hungry.

You visited 1 branch of the dungeon, and saw 3 of its levels.

You collected 121 gold pieces.

Inventory:

Missiles
 a - 30 arrows
 n - 20 stones (quivered)
Armour
 b - a +0 robe (worn)
Jewellery
 g - a cursed amulet of inaccuracy {unknown}
Scrolls
 e - 3 scrolls of remove curse {unknown}
 j - 2 scrolls of immolation {unknown}
 k - 2 scrolls of enchant armour {unknown}
 m - 2 scrolls of magic mapping {unknown}
 o - 2 scrolls of amnesia {unknown}
 p - a scroll of identify {unknown}
Potions
 h - a potion of heal wounds
 i - a potion of degeneration
Comestibles
 c - 3 chunks of flesh
 d - 7 rations


   Skills:
 + Level 1.7 Fighting
 - Level 1.5 Dodging
 * Level 3.9 Unarmed Combat
 + Level 2.7 Spellcasting
 * Level 2.9 Transmutations


You had 2 spell levels left.
You knew the following spells:

 Your Spells              Type           Power        Failure   Level  Hunger
a - Beastly Appendage     Tmut           #.....       8%          1    #......
b - Sticks to Snakes      Tmut           #.......     12%         2    ###....
c - Spider Form           Tmut/Pois      #.........   38%         3    ###....

Your spell library contained the following spells:

 Spells                   Type           Power        Failure   Level  Hunger
 Ice Form                 Ice/Tmut       #.......     80%         4    #####..
 Blade Hands              Tmut           #.........   91%         5    ######.


Dungeon Overview and Level Annotations

Branches:
Dungeon (3/15)

Altars:


Innate Abilities, Weirdness & Mutations

You have extremely sharp teeth.
Your natural rate of healing is unusually fast.
When hurt, damage is shared between your health and your magic reserves.
Your bite disrupts and absorbs the magic of your enemies.
Potions cannot restore your health.
You are immune to rotting.


Message History

Your adder bites the orc priest.
The orc priest looks even sicker.
Your adder poisons the orc priest!
Your ball python bites the orc priest.
The orc priest dies!
You feel your strength returning.
Your ball python looks stronger.
What are your orders? t - Shout!
Orders for allies: a - Attack new target. r - Retreat! s - Stop attacking. g - Guard the area. f - Follow me.
Anything else - Cancel.
Gang up on whom?
Press: ? - help, Dir - move target cursor, f - orc priest
Aim: an orc priest, wielding a +0 whip and wearing a +0 leather armour Attack!
Your adder bites the orc.
The orc completely misses your adder.
The orc priest invokes the aid of Beogh against you.
Beogh smites you!
Ouch! That really hurt!
You die... ### #o. #o# # ##S##.# .Soo

################S#
..............S.@#
..........########
..........#
.รท........#
..........#
..........#
..........#
.########## .#


You could see an orc priest, 2 orcs, a friendly adder and 3 friendly ball
pythons.

Vanquished Creatures
  2 adders (D:2)
  2 worms (D:2)
  A dart slug (D:2)
  3 leopard geckos
  5 bats
  6 hobgoblins
  3 frilled lizards
  6 goblins (D:1)
  5 kobolds
  7 rats
40 creatures vanquished.

Vanquished Creatures (collateral kills)
  An orc priest (D:3)
  A dart slug (D:1)
  A bat (D:1)
3 creatures vanquished.

Grand Total: 43 creatures vanquished

Notes
Turn   | Place    | Note
-------+----------+-------------------------------------------
     0 | D:1      | Garbasso the Vine Stalker Transmuter began the quest for
                  | the Orb.
     0 | D:1      | Reached XP level 1. HP: 9/9 MP: 4/4
   144 | D:1      | Reached skill level 1 in Fighting
   516 | D:1      | Reached XP level 2. HP: 6/14 MP: 1/6
  1136 | D:1      | Learned a level 2 spell: Sticks to Snakes
  1200 | D:1      | Reached XP level 3. HP: 13/18 MP: 7/7
  1672 | D:2      | Learned a level 3 spell: Spider Form
  2412 | D:2      | Gained mutation: Your natural rate of healing is unusually
                  | fast. [Vine Stalker growth]
  2412 | D:2      | Reached XP level 4. HP: 16/23 MP: 5/8
  2718 | D:3      | Killed from afar by an orc priest

Vault maps used:
D:1:      dpeg_arrival_arbitrary_c
D:2:      corexii_leaking_fountain
D:3:      old_standard_altar, uniq_sigmund

Skill      XL: |  1 |
---------------+----+-----
Fighting       | 1 |  1.7
Dodging        | |  1.5
Unarmed Combat | |  3.9
Spellcasting   | |  2.7
Transmutations | |  2.9

Action                   |  1- 3 |  4- 6 || total
-------------------------+-------+-------++-------
Melee: Unarmed           |   105 |     8 ||   113
       Bite              |    26 |     3 ||    29
       Kick              |     6 |       ||     6
       Headbutt          |     3 |       ||     3
       Punch             |     1 |       ||     1
Throw: Stone             |     4 |       ||     4
 Cast: Beastly Appendage |    22 |     2 ||    24
       Sticks to Snakes  |     1 |     4 ||     5
       Spider Form       |     1 |       ||     1
  Use: Potion            |     5 |       ||     5
 Stab: Sleeping          |       |     2 ||     2
  Eat: Chunk             |     5 |     1 ||     6
Armor: Robe              |    52 |     2 ||    54
       Skin              |     1 |       ||     1
Dodge: Dodged            |   126 |       ||   126

Table legend:
 A = Non-vault XP
 B = Vault XP
 C = Vault XP percentage of total XP
 D = Non-vault monster count
 E = Vault monster count
 F = Vault count percentage of total count
                 A         B        C        D         E       F
            +---------+---------+-------+---------+---------+-------
      Total |     121 |       0 |   0.0 |      43 |       0 |   0.0
            +---------+---------+-------+---------+---------+-------
        D:1 |      40 |       0 |   0.0 |      24 |       0 |   0.0
        D:2 |      56 |       0 |   0.0 |      16 |       0 |   0.0
        D:3 |      25 |       0 |   0.0 |       3 |       0 |   0.0
            +---------+---------+-------+---------+---------+-------
